TOP OF THE 1ST |
Kenilworth Aces batting - Pitching for Philadelphia Athletics : RHP Albert Gonzáles
|
Pitching: RHP Albert Gonzáles
|
|
Batting: RHB Jeff Bane
|
0-0: Swinging Strike 0-1: Ball 1-1: Ball 2-1: Ball 3-1: Called Strike 3-2: Reached via error on a dropped throw, E1
|
Batting: LHB Luis Villa
|
0-0: Ball 1-0: Ball 2-0: Called Strike 2-1: Fielders Choice at 2nd, 5-4 (Groundball, 56)
|
Batting: LHB Santiago Márquez
|
0-0: Called Strike 0-1: Ball 1-1: Grounds into double play, 4-6-3 (Groundball, 4)
|
Top of the 1st over - 0 runs, 0 hits, 1 error, 0 left on base; Kenilworth 0 - Philadelphia 0 |
BOTTOM OF THE 1ST |
Philadelphia Athletics batting - Pitching for Kenilworth Aces : RHP José Martínez
|
Pitching: RHP José Martínez
|
|
Batting: RHB César García
|
0-0: Ball 1-0: Foul Ball, location: 2F 1-1: Called Strike 1-2: Ground out 6-3 (Groundball, 6D)
|
Batting: LHB John Peterson
|
0-0: Swinging Strike 0-1: Ball 1-1: Ball 2-1: Foul Ball, location: 2F 2-2: Fly out, F9 (Flyball, 89D)
|
Batting: RHB Tony Morton
|
0-0: Called Strike 0-1: Called Strike 0-2: Ball 1-2: Strikes out looking
|
Bottom of the 1st over - 0 runs, 0 hits, 0 errors, 0 left on base; Kenilworth 0 - Philadelphia 0 |
TOP OF THE 2ND |
Kenilworth Aces batting - Pitching for Philadelphia Athletics : RHP Albert Gonzáles
|
Batting: LHB Sean Nicks
|
0-0: Ball 1-0: Ball 2-0: Called Strike 2-1: Swinging Strike 2-2: Strikes out swinging
|
Batting: RHB Wilbert Rodgers
|
0-0: Ball 1-0: Ball 2-0: Foul Ball, location: 2F 2-1: Ball 3-1: Ground out 6-3 (Groundball, 6)
|
Batting: LHB Jim Jensen
|
0-0: Ball 1-0: Ball 2-0: Foul Ball, location: 2F 2-1: Foul Ball, location: 2F 2-2: Ball 3-2: Foul Ball, location: 2F 3-2: Foul Ball, location: 2F 3-2: SINGLE (Flyball, 78S)
|
Batting: RHB Hollis Wood
|
0-0: Foul Ball, location: 2F 0-1: Ball 1-1: Ball Wild Pitch! Jim Jensen to second 2-1: Ball 3-1: DOUBLE (Line Drive, 9D) Jim Jensen scores
|
Batting: RHB Taylor McFarland
|
0-0: Ball 1-0: SINGLE (Groundball, 56D) Hollis Wood to third Runner from 3rd tries for Home, SAFE, throw made home Taylor McFarland to second
|
Batting: LHB Pedro Díaz
|
0-0: Ball 1-0: Ball 2-0: Fly out, F9 (Flyball, 89D)
|
Top of the 2nd over - 2 runs, 3 hits, 0 errors, 1 left on base; Kenilworth 2 - Philadelphia 0 |
BOTTOM OF THE 2ND |
Philadelphia Athletics batting - Pitching for Kenilworth Aces : RHP José Martínez
|
Batting: LHB Carter Sweet
|
0-0: Ball 1-0: Ball 2-0: Fly out, F7 (Flyball, 78S)
|
Batting: RHB Valentín Borges
|
0-0: Ball 1-0: SINGLE (Groundball, 56D)
|
Batting: RHB Anastasio Villa
|
0-0: Fly out, F7 (Flyball, 78S)
|
Batting: RHB Miguel Encarnación
|
0-0: Ball 1-0: Foul Ball, location: 2F 1-1: DOUBLE (Line Drive, 9LM) Valentín Borges to third
|
Batting: RHB Dick Slagboom
|
0-0: Ball 1-0: Ball 2-0: Ball 3-0: Called Strike 3-1: Called Strike 3-2: Fly out, F4 (Flyball, 4MD)
|
Bottom of the 2nd over - 0 runs, 2 hits, 0 errors, 2 left on base; Kenilworth 2 - Philadelphia 0 |
TOP OF THE 3RD |
Kenilworth Aces batting - Pitching for Philadelphia Athletics : RHP Albert Gonzáles
|
Batting: RHB Jeff Bane
|
0-0: Called Strike 0-1: Called Strike 0-2: Ground out 6-3 (Groundball, 6)
|
Batting: LHB Luis Villa
|
0-0: SINGLE (Groundball, 4D)
|
Batting: LHB Santiago Márquez
|
0-0: Swinging Strike 0-1: Grounds into double play, 5-4-3 (Groundball, 5)
|
Top of the 3rd over - 0 runs, 1 hit, 0 errors, 0 left on base; Kenilworth 2 - Philadelphia 0 |
BOTTOM OF THE 3RD |
Philadelphia Athletics batting - Pitching for Kenilworth Aces : RHP José Martínez
|
Batting: SHB Héctor Padilla
|
0-0: SOLO HOME RUN (Flyball, 9LD), Distance : 359 ft
|
Batting: RHB César García
|
0-0: Called Strike 0-1: Ball 1-1: Ball 2-1: Ball 3-1: Ground out 5-3 (Groundball, 56S)
|
Batting: LHB John Peterson
|
0-0: Foul Ball, location: 2F 0-1: Swinging Strike 0-2: Ball 1-2: Strikes out swinging
|
Batting: RHB Tony Morton
|
0-0: Foul Ball, location: 2F 0-1: SINGLE (Groundball, 34S) (infield hit)
|
Pinch Runner at 1st Hunter Hudson:
|
|
Batting: LHB Carter Sweet
|
0-0: Called Strike Hunter Hudson steals 2nd base 0-1: Called Strike 0-2: Strikes out swinging
|
Bottom of the 3rd over - 1 run, 2 hits, 0 errors, 1 left on base; Kenilworth 2 - Philadelphia 1 |
TOP OF THE 4TH |
Kenilworth Aces batting - Pitching for Philadelphia Athletics : RHP Albert Gonzáles
|
Now in CF: Hunter Hudson
|
|
Batting: LHB Sean Nicks
|
0-0: Foul Ball, location: 2F 0-1: Ball 1-1: Reached on error, E9 (Flyball, 89M)
|
Batting: RHB Wilbert Rodgers
|
0-0: Ball 1-0: Ball Wild Pitch! Sean Nicks to second 2-0: Called Strike 2-1: Ball 3-1: Base on Balls
|
Batting: LHB Jim Jensen
|
0-0: Swinging Strike 0-1: Called Strike 0-2: Fly out, F8 (Flyball, 8LD)
|
Batting: RHB Hollis Wood
|
0-0: Foul Ball, location: 2F 0-1: Called Strike 0-2: Ball 1-2: Ball 2-2: Foul Ball, location: 2F 2-2: Foul Ball, location: 2F 2-2: Foul Ball, location: 2F 2-2: Ball 3-2: Base on Balls Sean Nicks to third Wilbert Rodgers to second
|
Batting: RHB Taylor McFarland
|
0-0: Ball 1-0: Swinging Strike 1-1: SINGLE (Groundball, 4MD) Sean Nicks scores Wilbert Rodgers to third Hollis Wood to second
|
Batting: LHB Pedro Díaz
|
0-0: Fly out, F9 (Flyball, 9LM) Runner from 3rd tags up, SCORES, throw made
|
Batting: RHB Jeff Bane
|
0-0: Called Strike 0-1: Ground out 3-1 (Groundball, 34S)
|
Top of the 4th over - 2 runs, 1 hit, 1 error, 2 left on base; Kenilworth 4 - Philadelphia 1 |
BOTTOM OF THE 4TH |
Philadelphia Athletics batting - Pitching for Kenilworth Aces : RHP José Martínez
|
Batting: RHB Valentín Borges
|
0-0: Foul Ball, location: 2F 0-1: Ball 1-1: Ball 2-1: Fly out, F9 (Flyball, 9LDF)
|
Batting: RHB Anastasio Villa
|
0-0: Foul Ball, location: 2F 0-1: Foul Ball, location: 2F 0-2: Ball 1-2: Ball 2-2: Strikes out looking
|
Batting: RHB Miguel Encarnación
|
0-0: Ball 1-0: Ball 2-0: Foul Ball, location: 2F 2-1: Foul Ball, location: 2F 2-2: Ball 3-2: Strikes out swinging
|
Bottom of the 4th over - 0 runs, 0 hits, 0 errors, 0 left on base; Kenilworth 4 - Philadelphia 1 |
TOP OF THE 5TH |
Kenilworth Aces batting - Pitching for Philadelphia Athletics : RHP Albert Gonzáles
|
Pitching: RHP Paco Ruíz
|
|
Batting: LHB Luis Villa
|
0-0: Called Strike 0-1: Fly out, F8 (Flyball, 8RS)
|
Batting: LHB Santiago Márquez
|
0-0: Foul Ball, location: 2F 0-1: Foul Ball, location: 2F 0-2: Ball 1-2: Foul Ball, location: 2F 1-2: Ball 2-2: Foul Ball, location: 2F 2-2: Ball 3-2: Base on Balls
|
Batting: LHB Sean Nicks
|
0-0: Called Strike 0-1: Ball 1-1: Foul Ball, location: 2F 1-2: Foul Ball, location: 2F 1-2: Grounds into double play, 4-6-3 (Groundball, 4)
|
Top of the 5th over - 0 runs, 0 hits, 0 errors, 0 left on base; Kenilworth 4 - Philadelphia 1 |
BOTTOM OF THE 5TH |
Philadelphia Athletics batting - Pitching for Kenilworth Aces : RHP José Martínez
|
Pitching: RHP Scot MacIntosh
|
|
Batting: RHB Dick Slagboom
|
0-0: Ball 1-0: Ball 2-0: Called Strike 2-1: Foul Ball, location: 2F 2-2: SINGLE (Groundball, 4MD)
|
Batting: SHB Héctor Padilla
|
0-0: Foul Ball, location: 2F 0-1: Called Strike 0-2: Ball 1-2: Ball 2-2: Strikes out swinging
|
Batting: RHB César García
|
0-0: Ball 1-0: SINGLE (Groundball, 34D) Dick Slagboom to second Runner from 2nd tries for 3rd, SAFE, no throw
|
Batting: LHB John Peterson
|
0-0: Ball 1-0: Called Strike 1-1: Ball 2-1: Foul Ball, location: 2F 2-2: Ball 3-2: Strikes out looking
|
Batting: RHB Hunter Hudson
|
0-0: Ground out 4-3 (Groundball, 4)
|
Bottom of the 5th over - 0 runs, 2 hits, 0 errors, 2 left on base; Kenilworth 4 - Philadelphia 1 |
TOP OF THE 6TH |
Kenilworth Aces batting - Pitching for Philadelphia Athletics : RHP Paco Ruíz
|
Batting: RHB Wilbert Rodgers
|
0-0: Called Strike 0-1: Called Strike 0-2: Fly out, F8 (Flyball, 8RD)
|
Batting: LHB Jim Jensen
|
0-0: Ground out U3 (Groundball, 3)
|
Batting: RHB Hollis Wood
|
0-0: SINGLE (Line Drive, 3S)
|
Batting: RHB Taylor McFarland
|
0-0: Called Strike 0-1: Ball 1-1: Ball 2-1: Ball 3-1: Called Strike 3-2: Foul Ball, location: 2F 3-2: SINGLE (Groundball, 56D) Hollis Wood to second Hollis Wood to third
|
Batting: LHB Pedro Díaz
|
0-0: Ball 1-0: Ball 2-0: Foul Ball, location: 2F 2-1: Ground out 5-3 (Groundball, 25)
|
Top of the 6th over - 0 runs, 2 hits, 0 errors, 2 left on base; Kenilworth 4 - Philadelphia 1 |
BOTTOM OF THE 6TH |
Philadelphia Athletics batting - Pitching for Kenilworth Aces : RHP Scot MacIntosh
|
Batting: LHB Carter Sweet
|
0-0: Swinging Strike 0-1: Fly out, F8 (Flyball, 89D)
|
Batting: RHB Valentín Borges
|
0-0: Ball 1-0: Called Strike 1-1: Ball 2-1: Called Strike 2-2: Ball 3-2: Foul Ball, location: 2F 3-2: Strikes out swinging
|
Batting: RHB Anastasio Villa
|
0-0: Ball 1-0: Foul Ball, location: 2F 1-1: Called Strike 1-2: Strikes out swinging
|
Bottom of the 6th over - 0 runs, 0 hits, 0 errors, 0 left on base; Kenilworth 4 - Philadelphia 1 |
TOP OF THE 7TH |
Kenilworth Aces batting - Pitching for Philadelphia Athletics : RHP Paco Ruíz
|
Pinch Hitting: LHB Roger Moore
|
0-0: Swinging Strike 0-1: Called Strike 0-2: Ball 1-2: Ball 2-2: Strikes out looking
|
Pinch Hitting: LHB Roy Patrick
|
0-0: Called Strike 0-1: Swinging Strike 0-2: SOLO HOME RUN (Flyball, 9LD), Distance : 363 ft
|
Batting: RHB Jorge Jiménez
|
0-0: Ball 1-0: Fly out, F9 (Flyball, 9S)
|
Pinch Hitting: RHB Andrés Lara
|
0-0: Called Strike 0-1: Ball 1-1: Called Strike 1-2: SOLO HOME RUN (Flyball, 7LD), Distance : 353 ft
|
Pinch Hitting: RHB Luis Sánchez
|
0-0: Ball 1-0: Called Strike 1-1: Foul Ball, location: 2F 1-2: Foul Ball, location: 2F 1-2: Strikes out swinging
|
Top of the 7th over - 2 runs, 2 hits, 0 errors, 0 left on base; Kenilworth 6 - Philadelphia 1 |
BOTTOM OF THE 7TH |
Philadelphia Athletics batting - Pitching for Kenilworth Aces : RHP Scot MacIntosh
|
Now at 1B: Luis Sánchez
|
|
Now in LF: Roger Moore
|
|
Now in CF: Roy Patrick
|
|
Now in RF: Andrés Lara
|
|
Batting: RHB Miguel Encarnación
|
0-0: Ball 1-0: Ball 2-0: Called Strike 2-1: Ball 3-1: Ground out 5-3 (Groundball, 56)
|
Batting: RHB Dick Slagboom
|
0-0: Ground out 6-3 (Groundball, 6D)
|
Batting: SHB Héctor Padilla
|
0-0: Ball 1-0: Ground out 3-1 (Groundball, 34S)
|
Bottom of the 7th over - 0 runs, 0 hits, 0 errors, 0 left on base; Kenilworth 6 - Philadelphia 1 |
TOP OF THE 8TH |
Kenilworth Aces batting - Pitching for Philadelphia Athletics : RHP Paco Ruíz
|
Pitching: RHP Luis Ortega
|
|
Pinch Hitting: RHB Lonson Seals
|
0-0: Called Strike 0-1: Called Strike 0-2: Foul Ball, location: 2F 0-2: Ball 1-2: Strikes out swinging
|
Batting: RHB Hollis Wood
|
0-0: Foul Ball, location: 2F 0-1: Ball 1-1: Ball 2-1: Ball 3-1: Base on Balls
|
Batting: RHB Taylor McFarland
|
0-0: Ball 1-0: Ball 2-0: Called Strike 2-1: Foul Ball, location: 2F 2-2: Fielders Choice at 2nd, 3-6 (Groundball, 34)
|
Pinch Hitting: LHB José Sánchez
|
0-0: Ball 1-0: Ground out 3-1 (Groundball, 34S)
|
Top of the 8th over - 0 runs, 0 hits, 0 errors, 1 left on base; Kenilworth 6 - Philadelphia 1 |
BOTTOM OF THE 8TH |
Philadelphia Athletics batting - Pitching for Kenilworth Aces : RHP Scot MacIntosh
|
Pitching: RHP Gene O'Neal
|
|
Now at 2B: José Sánchez
|
|
Now at 3B: António Gonzáles
|
|
Pinch Hitting: LHB Brian Boone
|
0-0: Called Strike 0-1: Ball 1-1: Ball 2-1: Fly out, F8 (Flyball, 8LXD)
|
Pinch Hitting: LHB Yasuhiko Onodera
|
0-0: Reached via error on a dropped throw, E1
|
Batting: RHB Hunter Hudson
|
0-0: Ball 1-0: Called Strike 1-1: Ball 2-1: Ground out U3 (Groundball, 34S) Yasuhiko Onodera to second
|
Pinch Hitting: RHB Eric Neal
|
0-0: Called Strike 0-1: Swinging Strike 0-2: Foul Ball, location: 2F 0-2: Strikes out swinging
|
Bottom of the 8th over - 0 runs, 0 hits, 1 error, 1 left on base; Kenilworth 6 - Philadelphia 1 |
TOP OF THE 9TH |
Kenilworth Aces batting - Pitching for Philadelphia Athletics : RHP Luis Ortega
|
Now at 1B: Yasuhiko Onodera
|
|
Now in LF: Brian Boone
|
|
Now in RF: Tomás Estrada
|
|
Batting: LHB Roger Moore
|
0-0: Ground out 2-3 (Groundball, 15S)
|
Batting: LHB Roy Patrick
|
0-0: Called Strike 0-1: Ball 1-1: Ball 2-1: Called Strike 2-2: Fly out, F8 (Line Drive, 8LD)
|
Batting: RHB Jorge Jiménez
|
0-0: Ball 1-0: Ball 2-0: Foul Ball, location: 2F 2-1: TRIPLE (Flyball, 78XD)
|
Batting: RHB Andrés Lara
|
0-0: Ball 1-0: Fly out, F7 (Flyball, 7LD)
|
Top of the 9th over - 0 runs, 1 hit, 0 errors, 1 left on base; Kenilworth 6 - Philadelphia 1 |
BOTTOM OF THE 9TH |
Philadelphia Athletics batting - Pitching for Kenilworth Aces : RHP Gene O'Neal
|
Batting: LHB Arturo Molina
|
0-0: Called Strike 0-1: Foul Ball, location: 2F 0-2: Ball 1-2: Foul Ball, location: 2F 1-2: Fly out, F7 (Flyball, 7S)
|
Pinch Hitting: RHB Edward Holloway
|
0-0: Fly out, F9 (Flyball, 9LM)
|
Pinch Hitting: RHB Ramón Díaz
|
0-0: Swinging Strike 0-1: Ball 1-1: Called Strike 1-2: Ball 2-2: Foul Ball, location: 2F 2-2: Ground out 6-3 (Groundball, 6)
|
Bottom of the 9th over - 0 runs, 0 hits, 0 errors, 0 left on base; Kenilworth 6 - Philadelphia 1 |
|